[Event "Titled Tuesday Blitz January 17 Late 2023"]
[White "Alfaro, William"]
[Black "Thiel, Thomas"]
[WhiteFideId "6100457"]
[BlackFideId "4615964"]
[WhiteElo "2134"]
[BlackElo "2234"]
[Result "1-0"]
[Round "04"]
[TimeControl "180+2"]
[Date "2023.01.17"]
[WhiteClock "0:01:26"]
[BlackClock "0:01:00"]

1. Nf3 Nf6 2. g3 g6 3. Bg2 Bg7 4. O-O d5 5. d3 d4 6. e4 O-O 7. Nh4 c5 8. Nd2 Nc6 9. h3 Nh5 10. Nf5 Bxf5 11. exf5 Nf6 12. fxg6 hxg6 13. Re1 Nd5 14. Ne4 b6 15. Bg5 Rc8 16. a3 f6 17. Bd2 e5 18. Qf3 Nce7 19. h4 Qd7 20. Kh2 Qc7 21. b3 Rcd8 22. Rf1 Nf5 23. h5 Nfe7 24. hxg6 Nxg6 25. Qh5 Qf7 26. Bh3 Rfe8 27. f4 exf4 28. gxf4 Nf8 29. Qh4 Ne3 30. Rg1 Nxc2 31. Nxf6+ 1-0


[Site "https://www.chess.com"]

[Event "Titled Tuesday Blitz January 17 Late 2023"]
[White "Batista, Renato Luiz"]
[Black "Almagro Mazariegos, Sebastian"]
[WhiteFideId "2106540"]
[BlackFideId "2221640"]
[WhiteElo "2174"]
[BlackElo "2280"]
[Result "1-0"]
[Round "04"]
[TimeControl "180+2"]
[Date "2023.01.17"]
[WhiteClock "0:01:45"]
[BlackClock "0:00:28"]

1. e4 c5 2. Nf3 d6 3. d4 cxd4 4. Nxd4 Nf6 5. f3 a6 6. c4 e6 7. Nc3 Be7 8. Be3 O-O 9. Qd2 b6 10. Be2 Bb7 11. O-O Nbd7 12. Rac1 Qc7 13. Rfd1 Rac8 14. Bf1 Rfe8 15. Qf2 Qb8 16. Nc2 Bd8 17. g3 Bc7 18. Na4 Bc6 19. Nc3 Kh8 20. b4 Rg8 21. b5 Bb7 22. bxa6 Bxa6 23. Nb5 Bxb5 24. cxb5 d5 25. Nb4 Rge8 26. exd5 exd5 27. Nc6 Qa8 28. g4 Bd6 29. g5 Nh5 30. f4 Rxe3 31. Qxe3 Bxf4 32. Qh3 Bxc1 33. Rxc1 Qa3 34. Qxa3 1-0


[Site "https://www.chess.com"]

[Event "Titled Tuesday Blitz January 17 Late 2023"]
[White "Mendez Machado, Andre"]
[Black "rikchessmx"]
[WhiteFideId "6603793"]
[WhiteElo "1974"]
[BlackElo "2289"]
[Result "1-0"]
[Round "04"]
[TimeControl "180+2"]
[Date "2023.01.17"]
[WhiteClock "0:00:22"]
[BlackClock "0:01:29"]

1. e4 e5 2. Nf3 Nc6 3. Bc4 Bc5 4. c3 Qf6 5. d4 exd4 6. Bg5 Qg6 7. O-O dxc3 8. Nxc3 d6 9. Nd5 Bb6 10. Be3 Kd8 11. Bxb6 axb6 12. e5 Bd7 13. exd6 Qxd6 14. Qd2 Nf6 15. Qg5 Ne7 16. Qxg7 Nfxd5 17. Qxh8+ Be8 18. Rad1 c6 19. Rfe1 Kc7 20. Bxd5 cxd5 21. Rc1+ Bc6 22. Qxa8 Ng6 23. Qg8 d4 24. Qxf7+ Kb8 25. Qe6 Qc7 26. Nxd4 Nf4 27. Nxc6+ bxc6 28. Qxc6 Qg7 29. Re8+ Ka7 30. Ra8# 1-0


[Site "https://www.chess.com"]

[Event "Titled Tuesday Blitz January 17 Late 2023"]
[White "Romero Ruscalleda, Josep"]
[Black "Sabar, Ethmane Daouda"]
[WhiteFideId "2231859"]
[BlackFideId "19600097"]
[WhiteElo "2160"]
[BlackElo "2040"]
[Result "1-0"]
[Round "04"]
[TimeControl "180+2"]
[Date "2023.01.17"]
[WhiteClock "0:00:35"]
[BlackClock "0:00:05"]

1. e4 e5 2. Nf3 Nc6 3. Bc4 Nf6 4. d4 exd4 5. e5 d5 6. Bb5 Ne4 7. Nxd4 Bc5 8. Be3 O-O 9. Nxc6 bxc6 10. Bxc5 Nxc5 11. Bxc6 Ba6 12. Qxd5 Qe7 13. Bxa8 Rd8 14. Nc3 Rxd5 15. Bxd5 Qxe5+ 16. Kd2 Qf4+ 17. Kd1 Qxf2 18. Re1 g6 19. Bf3 Ne6 20. Ne4 Qd4+ 21. Kc1 Nf4 22. a4 Qf2 23. Rd1 Ne2+ 24. Kb1 Qe3 25. Ra3 Qh6 26. Rb3 Kg7 27. h3 Bc4 28. Rb7 Ng3 29. Rxc7 Nxe4 30. Bxe4 Be6 31. Rxa7 Qf4 32. Bf3 g5 33. Re1 g4 34. Rxe6 gxf3 35. gxf3 Qxf3 36. Ree7 Qf1+ 37. Ka2 Qc4+ 38. Ka3 Qc5+ 39. Kb3 Qd5+ 40. c4 Qd3+ 41. Kb4 Qd2+ 42. Ka3 Qd3+ 43. b3 Qb1 44. Rxf7+ Kg6 45. Rg7+ Kf5 46. Raf7+ Ke4 47. Rg4+ Kd3 48. Rf3+ Ke2 49. Rc3 Qa1+ 50. Kb4 Qe1 51. Rg2+ Kf1 52. Rb2 Qe7+ 53. c5 Qb7+ 54. Ka3 Qe4 55. Rc1+ Qe1 56. Rxe1+ Kxe1 57. c6 1-0


[Site "https://www.chess.com"]

[Event "Titled Tuesday Blitz January 17 Late 2023"]
[White "Benmesbah, Natacha"]
[Black "Ferreira, Thales Bond Dias"]
[WhiteFideId "642002"]
[BlackFideId "22777830"]
[WhiteElo "2261"]
[BlackElo "2085"]
[Result "1-0"]
[Round "04"]
[TimeControl "180+2"]
[Date "2023.01.17"]
[WhiteClock "0:01:48"]
[BlackClock "0:02:24"]

1. e4 c6 2. Nc3 d5 3. Nf3 Bg4 4. h3 Bh5 5. g4 Bg6 6. exd5 cxd5 7. Ne5 e6 8. Bb5+ Ke7 9. b3 Qd6 10. d4 f6 11. Nxg6+ hxg6 12. a4 a6 13. Ba3 axb5 14. Bxd6+ Kxd6 15. Nxb5+ Kd7 16. Qe2 Nc6 17. Kf1 Nge7 18. Kg2 g5 19. Rhe1 Nd8 20. c4 1-0


[Site "https://www.chess.com"]

[Event "Titled Tuesday Blitz January 17 Late 2023"]
[White "Levine, David"]
[Black "Slavin, Alexey"]
[WhiteFideId "2011611"]
[BlackFideId "24104388"]
[WhiteElo "2040"]
[BlackElo "2364"]
[Result "1/2-1/2"]
[Round "04"]
[TimeControl "180+2"]
[Date "2023.01.17"]
[WhiteClock "0:00:08"]
[BlackClock "0:00:20"]

1. d4 Nc6 2. Nf3 d6 3. g3 Bg4 4. Bg2 e5 5. dxe5 dxe5 6. Nbd2 Nf6 7. O-O Qc8 8. b3 Bh3 9. Bb2 Bxg2 10. Kxg2 Qe6 11. e4 Bc5 12. Qe2 O-O 13. Nc4 Nd7 14. Ne3 Nd4 15. Nxd4 Bxd4 16. Bxd4 exd4 17. Nf5 Nf6 18. f3 c5 19. c3 dxc3 20. Rac1 g6 21. Ne3 Rfe8 22. Rxc3 b6 23. Rd1 Rad8 24. Rcd3 Rxd3 25. Qxd3 h5 26. Nd5 Nxd5 27. Qxd5 Qxd5 28. Rxd5 Re7 29. e5 Kf8 30. f4 Rc7 31. Kf3 Ke7 32. Ke4 Rc6 33. h3 Rc7 34. g4 hxg4 35. hxg4 b5 36. f5 gxf5+ 37. gxf5 c4 38. f6+ Ke8 39. Rxb5 c3 40. Rb8+ Kd7 41. Rf8 c2 42. Rxf7+ Kc6 43. Rxc7+ Kxc7 44. f7 c1=Q 45. f8=Q Qc2+ 46. Kd4 Qd2+ 47. Ke4 Qc2+ 48. Kd4 Qd2+ 49. Ke4 Qc2+ 1/2-1/2


[Site "https://www.chess.com"]

[Event "Titled Tuesday Blitz January 17 Late 2023"]
[White "Marcolino, Daniel Mattos"]
[Black "MitzyCaballero"]
[WhiteFideId "2106841"]
[WhiteElo "2006"]
[BlackElo "2313"]
[Result "1/2-1/2"]
[Round "04"]
[TimeControl "180+2"]
[Date "2023.01.17"]
[WhiteClock "0:00:07"]
[BlackClock "0:00:17"]

1. d4 e6 2. Nf3 Nf6 3. g3 b6 4. Bg2 Bb7 5. O-O Be7 6. c4 O-O 7. Nc3 c5 8. d5 exd5 9. cxd5 d6 10. e4 Nbd7 11. Re1 a6 12. a4 Ng4 13. Nd2 Nge5 14. Qc2 c4 15. Bf1 Qc7 16. f4 Qc5+ 17. Kg2 Ng4 18. Nf3 b5 19. h3 Ngf6 20. Be3 Qc8 21. axb5 axb5 22. Nxb5 Nc5 23. Bf2 Re8 24. Rxa8 Bxa8 25. Bxc5 Qxc5 26. Qxc4 Qxc4 27. Bxc4 Bf8 28. Nc7 Rc8 29. Nxa8 Rxc4 30. Nb6 Rb4 31. Nc8 Rxb2+ 32. Kg1 Rb8 33. Na7 Rb4 34. Nc6 Rxe4 35. Rxe4 Nxe4 36. Kg2 Nc3 37. Kf2 Nxd5 38. Ke2 Nf6 39. Kd3 Nh5 40. Kd4 Nxg3 41. Ng5 h6 42. Nf3 Nh5 43. Nd8 Nxf4 44. Nb7 g5 45. h4 Bg7+ 46. Ke4 d5+ 47. Ke3 Ne6 48. hxg5 hxg5 49. Nd6 g4 50. Nh4 d4+ 51. Kd3 Bf6 52. Nhf5 Kf8 53. Ne4 Be7 54. Nf2 Nf4+ 55. Ke4 Ne6 56. Nxg4 Bg5 57. Nxd4 Nxd4 58. Kxd4 f5 59. Nf2 Kf7 60. Nh3 Bf6+ 61. Ke3 Kg6 62. Ng1 Bg5+ 63. Kf3 Kf6 64. Ne2 Ke5 65. Ng3 f4 66. Nh5 Bh4 67. Nxf4 1/2-1/2


[Site "https://www.chess.com"]

[Event "Titled Tuesday Blitz January 17 Late 2023"]
[White "Bongo Akanga Ndjila, Barthelemy"]
[Black "Coelho, Ramyres Santana"]
[WhiteFideId "10609431"]
[BlackFideId "2120690"]
[WhiteElo "1824"]
[BlackElo "1981"]
[Result "0-1"]
[Round "04"]
[TimeControl "180+2"]
[Date "2023.01.17"]
[WhiteClock "0:01:26"]
[BlackClock "0:01:55"]

1. d4 Nf6 2. Nf3 g6 3. c4 Bg7 4. Nc3 d5 5. Bg5 dxc4 6. e4 O-O 7. Bxc4 a6 8. e5 Ne8 9. Nd5 Nc6 10. O-O Be6 11. Ne3 Bxc4 12. Nxc4 h6 13. Bh4 g5 14. Bg3 e6 15. h3 f5 16. exf6 Bxf6 17. Re1 Nxd4 18. Nxd4 Qxd4 19. Qc2 Ng7 20. Be5 Bxe5 21. Nxe5 c6 22. Rad1 Qb4 23. a3 Qa5 24. Rd7 Qxe1+ 0-1


[Site "https://www.chess.com"]

[Event "Titled Tuesday Blitz January 17 Late 2023"]
[White "Van Dael, Siem"]
[Black "Adithya A Chullikkad"]
[WhiteFideId "1049771"]
[BlackFideId "45078734"]
[WhiteElo "2319"]
[BlackElo "2259"]
[Result "1-0"]
[Round "04"]
[TimeControl "180+2"]
[Date "2023.01.17"]
[WhiteClock "0:02:06"]
[BlackClock "0:00:02"]

1. e4 c5 2. Nf3 d6 3. d4 cxd4 4. Nxd4 Nf6 5. Nc3 a6 6. Be3 e5 7. Nb3 Be6 8. f3 Be7 9. Qd2 O-O 10. O-O-O Nbd7 11. g4 b5 12. g5 Nh5 13. Kb1 b4 14. Nd5 Bxd5 15. exd5 a5 16. Bb5 f5 17. Bc6 Rc8 18. f4 exf4 19. Bxf4 Nxf4 20. Qxf4 Bxg5 21. Qxd6 Nf6 22. Qe6+ Kh8 23. h4 Bf4 24. h5 h6 25. Qxf5 Bd6 26. Qg6 Qb6 27. Nd4 Be5 28. Nf5 Ne4 29. Rhe1 Nc3+ 30. Ka1 Nxd1 31. Rxe5 Rxf5 32. Qxf5 Rg8 33. Re1 Ne3 34. Qf2 Nxd5 35. Qxb6 Nxb6 36. Re5 g5 37. Rxa5 g4 38. Rb5 Nc8 39. Rxb4 g3 40. Bg2 Rf8 41. a4 Nd6 42. Rg4 Nf5 43. b3 Rc8 44. Kb2 Ne3 45. Rxg3 Nxc2 46. Rc3 Rxc3 47. Kxc3 Ne3 48. a5 Nxg2 49. a6 1-0


[Site "https://www.chess.com"]

[Event "Titled Tuesday Blitz January 17 Late 2023"]
[White "Coe, William"]
[Black "Herbst, Richard"]
[WhiteFideId "30913624"]
[BlackFideId "2041251"]
[WhiteElo "2078"]
[BlackElo "2120"]
[Result "0-1"]
[Round "04"]
[TimeControl "180+2"]
[Date "2023.01.17"]
[WhiteClock "0:01:35"]
[BlackClock "0:01:09"]

1. e4 Nf6 2. e5 Nd5 3. g3 d6 4. exd6 cxd6 5. Bg2 Nc7 6. Nf3 g6 7. O-O Bg7 8. d4 O-O 9. c3 Nc6 10. b3 e5 11. dxe5 dxe5 12. Qxd8 Rxd8 13. Nbd2 Nd5 14. Bb2 Bf5 15. Rac1 Rac8 16. Rfe1 f6 17. Nc4 b5 18. Ne3 Nxe3 19. Rxe3 Bh6 20. Nh4 Bxe3 21. fxe3 Be6 22. c4 bxc4 23. bxc4 Rd2 24. Ba3 f5 25. Nf3 Rxa2 26. Bc5 e4 27. Ng5 Bf7 28. Bf1 Ne5 29. Bd6 Nd3 30. Bxd3 exd3 31. c5 d2 32. Rb1 Rc2 33. Nxf7 Rc1+ 0-1


[Site "https://www.chess.com"]

[Event "Titled Tuesday Blitz January 17 Late 2023"]
[White "Nakamura, Hikaru"]
[Black "Zakhartsov, Vladimir"]
[WhiteFideId "2016192"]
[BlackFideId "4145097"]
[WhiteElo "2775"]
[BlackElo "2552"]
[Result "1-0"]
[Round "05"]
[TimeControl "180+2"]
[Date "2023.01.17"]
[WhiteClock "0:01:17"]
[BlackClock "0:00:01"]

1. Nf3 d5 2. g3 g6 3. d4 Bg7 4. Bg2 Nf6 5. O-O O-O 6. c4 c6 7. Qb3 a5 8. cxd5 a4 9. Qd1 cxd5 10. Nc3 Qa5 11. Bd2 Qa6 12. a3 Nc6 13. e3 Bf5 14. Re1 Bd3 15. Ne5 Nxe5 16. dxe5 Ne4 17. Nxd5 Bxe5 18. Nb4 Qb5 19. Nxd3 Qxd3 20. Bb4 Qxd1 21. Rexd1 Nd6 22. Rab1 Rab8 23. b3 axb3 24. Rxb3 b5 25. Rd5 Bf6 26. Bxd6 exd6 27. Rdxb5 Rbc8 28. Bd5 Rc1+ 29. Kg2 Ra1 30. Rb7 h5 31. h4 g5 32. hxg5 Bxg5 33. Rxf7 Rxf7 34. Rb7 Rxa3 35. Bxf7+ Kf8 36. Bxh5 Ra2 37. Rf7+ Kg8 38. Rf5 1-0


[Site "https://www.chess.com"]

[Event "Titled Tuesday Blitz January 17 Late 2023"]
[White "Svane, Frederik"]
[Black "Andreikin, Dmitry"]
[WhiteFideId "12923044"]
[BlackFideId "4158814"]
[WhiteElo "2600"]
[BlackElo "2729"]
[Result "0-1"]
[Round "05"]
[TimeControl "180+2"]
[Date "2023.01.17"]
[WhiteClock "0:00:05"]
[BlackClock "0:00:39"]

1. e4 c5 2. Nf3 e6 3. Be2 Nc6 4. O-O Nf6 5. Nc3 Be7 6. d4 cxd4 7. Nxd4 d6 8. Be3 O-O 9. f4 e5 10. Nxc6 bxc6 11. fxe5 dxe5 12. Qxd8 Bxd8 13. Rfd1 Bb6 14. Kf2 Be6 15. Bf3 h5 16. h3 Rfb8 17. Na4 Bxe3+ 18. Kxe3 c5 19. Nxc5 Rxb2 20. Nxe6 fxe6 21. Rdc1 Rd8 22. Be2 Rd4 23. Bd3 Ra4 24. Rcb1 Rbxa2 25. Rxa2 Rxa2 26. Rb7 a5 27. Ra7 a4 28. g3 a3 29. Bc4 Ra1 30. Bxe6+ Kh7 31. Bf5+ Kh6 32. Ra6 h4 33. gxh4 Kh5 34. Be6 Kxh4 35. Kf2 Nxe4+ 36. Kg2 Nc5 37. Rc6 Nxe6 38. Rxe6 a2 39. Ra6 e4 40. Ra4 Kg5 41. Rxe4 Rb1 42. Rg4+ Kf5 43. Ra4 a1=Q 0-1


[Site "https://www.chess.com"]

[Event "Titled Tuesday Blitz January 17 Late 2023"]
[White "Duda, Jan-Krzysztof"]
[Black "Rasulov, Vugar"]
[WhiteFideId "1170546"]
[BlackFideId "13402390"]
[WhiteElo "2724"]
[BlackElo "2523"]
[Result "0-1"]
[Round "05"]
[TimeControl "180+2"]
[Date "2023.01.17"]
[WhiteClock "0:00:02"]
[BlackClock "0:00:17"]

1. c4 Nf6 2. Nc3 e6 3. e4 c5 4. g3 Nc6 5. f4 d6 6. Bg2 g6 7. d3 Bg7 8. h3 O-O 9. Nf3 a6 10. a4 Rb8 11. g4 Nd7 12. O-O Nd4 13. Be3 b6 14. Bxd4 cxd4 15. Ne2 b5 16. cxb5 axb5 17. a5 e5 18. b4 Bb7 19. Qd2 Rc8 20. f5 Nb8 21. Ng3 d5 22. exd5 Bxd5 23. Ng5 Bh6 24. f6 Bxg2 25. Kxg2 Qd5+ 26. N3e4 Nd7 27. h4 Rc3 28. Kh2 Rfc8 29. Nxc3 dxc3 30. Qe2 Bxg5 31. hxg5 e4 32. Qxe4 Qxg5 33. Qf4 Qd5 34. Rac1 Ne5 35. Rc2 Qxd3 36. Rff2 Qd6 37. Kg1 Rc4 38. Qh6 Qd1+ 0-1


[Site "https://www.chess.com"]

[Event "Titled Tuesday Blitz January 17 Late 2023"]
[White "Chigaev, Maksim"]
[Black "Hansen, Eric"]
[WhiteFideId "4108116"]
[BlackFideId "2606771"]
[WhiteElo "2628"]
[BlackElo "2609"]
[Result "1-0"]
[Round "05"]
[TimeControl "180+2"]
[Date "2023.01.17"]
[WhiteClock "0:00:10"]
[BlackClock "0:00:01"]

1. e4 c5 2. Nf3 e6 3. b3 Nc6 4. Bb2 Nge7 5. Nc3 a6 6. d4 cxd4 7. Nxd4 Qc7 8. Qd2 Nxd4 9. Qxd4 Nc6 10. Qd2 Be7 11. O-O-O O-O 12. Kb1 d6 13. g4 b5 14. g5 Bb7 15. h4 Rad8 16. Nd5 exd5 17. exd5 Ne5 18. f4 Rfe8 19. h5 Nf3 20. Qf2 Rc8 21. c4 bxc4 22. Bxc4 Nxg5 23. fxg5 Bxg5 24. Rhg1 h6 25. Bxg7 Kxg7 26. Rxg5+ hxg5 27. h6+ Kf8 28. Qf6 Qd8 29. Qg7+ Ke7 30. Rf1 Rf8 31. h7 Rxc4 32. h8=Q 1-0


[Site "https://www.chess.com"]

[Event "Titled Tuesday Blitz January 17 Late 2023"]
[White "Remizov, Yaroslav"]
[Black "Jobava, Baadur"]
[WhiteFideId "34134015"]
[BlackFideId "13601520"]
[WhiteElo "2421"]
[BlackElo "2578"]
[Result "0-1"]
[Round "05"]
[TimeControl "180+2"]
[Date "2023.01.17"]
[WhiteClock "0:00:02"]
[BlackClock "0:00:16"]

1. e4 c6 2. d4 d5 3. e5 Bf5 4. h4 f6 5. g4 Bd7 6. f4 e6 7. Bd3 c5 8. Nf3 Nc6 9. c3 Qb6 10. Na3 cxd4 11. cxd4 fxe5 12. fxe5 Bb4+ 13. Kf1 Nh6 14. Bxh6 gxh6 15. Nc2 O-O-O 16. Kg2 Rdg8 17. Kh3 Be7 18. Qd2 h5 19. gxh5 Rf8 20. Rhf1 h6 21. b3 Kb8 22. Bg6 Qd8 23. Qe3 Rfg8 24. Rg1 Bf8 25. Rg3 Ne7 26. Rag1 Qc7 27. Nce1 Qa5 28. a4 Qb6 29. Bc2 Rxg3+ 30. Rxg3 a5 31. Nd3 Nf5 32. Nc5 Bxc5 33. Bxf5 exf5 34. dxc5 f4+ 35. Kg2 Qb4 36. Qd4 Qxd4 37. Nxd4 fxg3 38. e6 Bc8 39. c6 Re8 40. Kxg3 Bxe6 41. cxb7 Kxb7 42. Nb5 Kc6 43. Kf4 Bd7 44. Nd4+ Kd6 0-1


[Site "https://www.chess.com"]

[Event "Titled Tuesday Blitz January 17 Late 2023"]
[White "Abdrlauf, Elham"]
[Black "Dominguez Perez, Leinier"]
[WhiteFideId "1533533"]
[BlackFideId "3503240"]
[WhiteElo "2518"]
[BlackElo "2739"]
[Result "1-0"]
[Round "05"]
[TimeControl "180+2"]
[Date "2023.01.17"]
[WhiteClock "0:00:04"]
[BlackClock "0:00:04"]

1. e4 Nf6 2. e5 Nd5 3. c4 Nb6 4. d4 d6 5. exd6 exd6 6. Nf3 Be7 7. h3 O-O 8. Nc3 Bf6 9. Be2 Be6 10. d5 Bxc3+ 11. bxc3 Bd7 12. O-O Na6 13. Nd4 Nc5 14. Nb3 Nba4 15. Qc2 Qf6 16. Nd4 Rfe8 17. Be3 Qg6 18. Rfc1 Ne4 19. Bg4 Bxg4 20. hxg4 Nac5 21. Nb5 Re7 22. Re1 a6 23. Bxc5 axb5 24. Bd4 Rae8 25. cxb5 Nf6 26. Qd2 Nxg4 27. Rxe7 Rxe7 28. Re1 Rxe1+ 29. Qxe1 h5 30. f3 Nh6 31. a4 Qd3 32. Qe8+ Kh7 33. Qe4+ Qxe4 34. fxe4 b6 35. e5 Nf5 36. exd6 Nxd6 37. Be5 Ne8 38. c4 f6 39. Bg3 Kg8 40. c5 Kf7 41. Bxc7 Nxc7 42. cxb6 1-0


[Site "https://www.chess.com"]

[Event "Titled Tuesday Blitz January 17 Late 2023"]
[White "Baskakov, Egor"]
[Black "Tang, Andrew"]
[WhiteFideId "24197866"]
[BlackFideId "2059630"]
[WhiteElo "2215"]
[BlackElo "2523"]
[Result "0-1"]
[Round "05"]
[TimeControl "180+2"]
[Date "2023.01.17"]
[WhiteClock "0:00:20"]
[BlackClock "0:00:04"]

1. e4 e5 2. Nc3 Nc6 3. g3 Bc5 4. Bg2 d6 5. h3 f5 6. Nge2 Nf6 7. exf5 Bxf5 8. O-O O-O 9. d3 Qe8 10. Na4 Qh5 11. Nxc5 Bxh3 12. Nf4 Qxd1 13. Rxd1 Bxg2 14. Kxg2 exf4 15. Ne6 f3+ 16. Kxf3 Rf7 17. Kg2 Re8 18. Nf4 Ng4 19. f3 Nge5 20. d4 Nc4 21. b3 Ne3+ 22. Bxe3 Rxe3 23. d5 Ne5 24. Re1 Rc3 25. Re2 g5 26. Ne6 Rfxf3 27. Rh1 Rxg3+ 28. Kf2 g4 29. Rh5 Rgf3+ 30. Ke1 Rf7 31. Kd2 Rg3 32. c4 Rh3 33. Rg5+ Kh8 34. Kc2 h6 35. Rgxe5 dxe5 36. Rxe5 g3 37. Re4 Rh2+ 38. Kc3 g2 39. Rg4 Rf1 40. Rg7 g1=Q 41. Rxc7 Qe3+ 42. Kb4 Qb6+ 43. Ka4 Rg2 44. Rc8+ Kh7 0-1


[Site "https://www.chess.com"]

[Event "Titled Tuesday Blitz January 17 Late 2023"]
[White "Sadhwani, Raunak"]
[Black "Zhigalko, Sergei"]
[WhiteFideId "35093487"]
[BlackFideId "13502956"]
[WhiteElo "2627"]
[BlackElo "2572"]
[Result "1-0"]
[Round "05"]
[TimeControl "180+2"]
[Date "2023.01.17"]
[WhiteClock "0:00:10"]
[BlackClock "0:00:02"]

1. c4 e5 2. d3 Nf6 3. Nf3 Nc6 4. Nc3 Bb4 5. Bd2 O-O 6. e3 Re8 7. Be2 d5 8. cxd5 Nxd5 9. Rc1 Be6 10. a3 Nxc3 11. Bxc3 Bxc3+ 12. Rxc3 Qd6 13. O-O Rad8 14. Qc2 Bd5 15. b4 a6 16. Rc1 Qg6 17. Rc5 e4 18. dxe4 Bxe4 19. Qc3 h6 20. h3 Rd6 21. Nh4 Qf6 22. Qxf6 Rxf6 23. Bf3 g5 24. Bxe4 Rxe4 25. Nf5 Kf8 26. g4 Re8 27. Kg2 Rd8 28. R5c4 Rd2 29. a4 Ne7 30. Rd4 Rxd4 31. Nxd4 c6 32. Nb3 Nd5 33. Nc5 Nxb4 34. Nd7+ Ke7 35. Nxf6 Kxf6 36. a5 Ke6 37. h4 Kd6 38. Rd1+ Ke7 39. hxg5 hxg5 40. Kf3 c5 41. Ke4 Nc6 42. Kd5 Nxa5 43. Kxc5 Nc6 44. Kb6 Ne5 45. Rd4 Ke6 46. Kxb7 a5 47. Kb6 f6 48. Kb5 Ke7 49. Re4 Kd6 50. Kxa5 Kc5 51. Ka4 Nd3 52. f3 Ne1 53. f4 Nd3 54. fxg5 fxg5 55. Kb3 Nf2 56. Re5+ Kd6 57. Rxg5 Ke6 58. Kc2 Kf6 59. Rf5+ 1-0


[Site "https://www.chess.com"]

[Event "Titled Tuesday Blitz January 17 Late 2023"]
[White "Holt, Conrad"]
[Black "Esipenko, Andrey"]
[WhiteFideId "2034387"]
[BlackFideId "24175439"]
[WhiteElo "2540"]
[BlackElo "2679"]
[Result "0-1"]
[Round "05"]
[TimeControl "180+2"]
[Date "2023.01.17"]
[WhiteClock "0:00:05"]
[BlackClock "0:00:05"]

1. d4 d5 2. c4 e6 3. Nc3 c5 4. cxd5 exd5 5. Nf3 Nf6 6. Bg5 Be6 7. g3 Nc6 8. Bg2 h6 9. Be3 c4 10. Ne5 Bb4 11. O-O O-O 12. Qa4 Qe7 13. Nxc6 bxc6 14. Qxc6 Rfc8 15. Qa4 Rab8 16. Qc2 Bd6 17. Rad1 Qd7 18. Qc1 Bh3 19. Rfe1 Bxg2 20. Kxg2 Qe6 21. Qc2 h5 22. Bg5 Nh7 23. Bc1 f5 24. f3 h4 25. e4 fxe4 26. fxe4 h3+ 27. Kg1 Bb4 28. exd5 Qd7 29. Qg6 Rb6 30. Qc2 Bxc3 31. bxc3 Nf6 32. Re5 Nxd5 33. Rf1 Rf6 34. Rxf6 Nxf6 35. Bg5 Ng4 36. Re2 Qb7 37. Qe4 Qd7 38. d5 Rf8 39. Qe6+ Qxe6 40. dxe6 Rb8 41. Re1 Kf8 42. Bf4 Rb6 43. Bc7 Rc6 44. Ba5 Ke8 45. Bb4 Nf6 46. Re5 Ra6 47. a3 Rc6 48. Kf1 a6 49. Ke2 Ng4 50. Rh5 Rxe6+ 51. Kd2 Nxh2 52. Rxh3 Nf3+ 53. Kc2 Ne5 54. Rh8+ Kf7 55. Ra8 Kf6 56. Bc5 Kf5 57. Bd4 g5 58. Rg8 Nf3 59. Ba7 Kg4 60. Bb8 Re2+ 61. Kc1 Ra2 62. Bd6 Ne1 63. Rc8 Nd3+ 64. Kb1 Rb2+ 65. Ka1 Rb6 66. Rxc4+ Kf3 67. Bc7 Rb7 68. a4 Ke3 69. a5 Rb5 70. Bb6+ Kd2 71. Rc7 Kc2 72. Ka2 Nc1+ 73. Ka3 Rb3+ 74. Ka4 Nd3 0-1


[Site "https://www.chess.com"]

[Event "Titled Tuesday Blitz January 17 Late 2023"]
[White "Bortnyk, Mykola"]
[Black "Riehle, Marco"]
[WhiteFideId "14120836"]
[BlackFideId "12904392"]
[WhiteElo "2425"]
[BlackElo "2368"]
[Result "1-0"]
[Round "05"]
[TimeControl "180+2"]
[Date "2023.01.17"]
[WhiteClock "0:00:06"]
[BlackClock "0:00:11"]

1. e4 e5 2. Nf3 Nf6 3. Nxe5 Nxe4 4. Qe2 Qe7 5. Qxe4 d6 6. d4 dxe5 7. dxe5 Nc6 8. Nc3 Qxe5 9. Qxe5+ Nxe5 10. Nb5 Bb4+ 11. c3 Ba5 12. Bf4 f6 13. O-O-O Bd7 14. Be2 Bb6 15. Nd4 O-O-O 16. Bg3 Rhe8 17. Rhe1 a6 18. h3 Nc6 19. Nxc6 Bxc6 20. Bg4+ Kb8 21. Rxd8+ Rxd8 22. Re7 g6 23. Rxh7 Bxg2 24. h4 f5 25. Bd1 Rf8 26. Bf4 Bh3 27. f3 Rf6 28. a4 Re6 29. Kc2 Bf1 30. b4 a5 31. Kb2 axb4 32. cxb4 Bd4+ 33. Kc1 Be3+ 34. Bxe3 Rxe3 35. Rg7 Re6 36. Bb3 Rd6 37. Bf7 Rd3 38. Rxg6 Rxf3 39. h5 Rh3 40. h6 Bd3 41. Rf6 f4 42. Kd2 Bb1 43. Be6 Rh2+ 44. Kc3 f3 45. a5 f2 46. Bc4 c6 47. Kd4 Rh4+ 48. Kc5 Ka7 49. Be2 Be4 50. Kd6 Rh1 51. Ke5 Bd5 52. Kd4 Bb3 53. Ke3 Rh2 54. Bd3 Bg8 55. Rf8 Rxh6 56. Kxf2 Bd5 57. Rf4 Rh3 58. Ke2 Rh2+ 59. Ke3 Rh3+ 60. Kd4 Rf3 61. Rh4 Rf8 62. Kc5 Rd8 63. b5 cxb5 64. Rd4 Ka6 65. Bxb5+ Ka7 66. Rxd5 Rc8+ 67. Kb4 Rh8 68. Rd7 Rh4+ 69. Bc4 Kb8 70. Kb5 Rh5+ 71. Bd5 Ka8 72. Rd6 Ka7 73. Rd7 Ka8 74. a6 Ka7 75. Rxb7+ Ka8 76. Rd7+ Kb8 77. a7+ Kc8 78. a8=Q+ Kxd7 79. Qc6+ Ke7 80. Qe6+ Kd8 81. Qg8+ 1-0


[Site "https://www.chess.com"]

[Event "Titled Tuesday Blitz January 17 Late 2023"]
[White "Oparin, Grigoriy"]
[Black "Artemiev, Vladislav"]
[WhiteFideId "24125890"]
[BlackFideId "24101605"]
[WhiteElo "2667"]
[BlackElo "2701"]
[Result "0-1"]
[Round "05"]
[TimeControl "180+2"]
[Date "2023.01.17"]
[WhiteClock "0:00:12"]
[BlackClock "0:00:05"]

1. e4 c5 2. Nf3 d6 3. Nc3 a6 4. d4 cxd4 5. Nxd4 Nf6 6. a4 g6 7. g3 Bg7 8. Bg2 O-O 9. h3 Nc6 10. Be3 Bd7 11. O-O Qc8 12. Kh2 Rb8 13. a5 Re8 14. Nde2 Ne5 15. Bd4 Bc6 16. Nd5 Bb5 17. Nb6 Qd8 18. b3 Bxe2 19. Qxe2 Nc6 20. Be3 Nd7 21. Ra4 e6 22. Rd1 Qe7 23. Nxd7 Qxd7 24. c4 Qe7 25. Ra2 Red8 26. Bb6 Rd7 27. Qe3 h5 28. h4 Kh7 29. Rad2 Bh6 30. f4 e5 31. c5 exf4 32. gxf4 Qxh4+ 33. Kg1 Bxf4 34. Qh3 Qxh3 35. Bxh3 Bxd2 36. Rxd2 Re7 37. cxd6 Rxe4 38. d7 Rb4 39. d8=Q Nxd8 40. Bxd8 Rxb3 41. Rd7 Rxh3 42. Bc7 Rf8 43. Bd6 Kg8 44. Bxf8 Kxf8 45. Rxb7 Ra3 46. Rb6 Rxa5 0-1


[Site "https://www.chess.com"]

[Event "Titled Tuesday Blitz January 17 Late 2023"]
[White "Sarana, Alexey"]
[Black "Iliaguev, Nisim"]
[WhiteFideId "24133795"]
[BlackFideId "2817276"]
[WhiteElo "2685"]
[BlackElo "2402"]
[Result "1-0"]
[Round "05"]
[TimeControl "180+2"]
[Date "2023.01.17"]
[WhiteClock "0:00:22"]
[BlackClock "0:00:09"]

1. c4 c5 2. Nf3 g6 3. d4 cxd4 4. Nxd4 Bg7 5. e4 Nc6 6. Be3 d6 7. Nc3 Nf6 8. Be2 O-O 9. O-O Nxd4 10. Bxd4 Be6 11. b3 a6 12. Qd3 Qa5 13. f4 b5 14. cxb5 axb5 15. Nxb5 Bd7 16. Nc3 e5 17. Be3 Ng4 18. Bxg4 Bxg4 19. Nd5 exf4 20. Bd4 f3 21. Bxg7 Kxg7 22. Qd4+ f6 23. gxf3 Be6 24. Nf4 Qg5+ 25. Ng2 Bh3 26. Rf2 Rad8 27. Qe3 Qe5 28. Rd1 Bxg2 29. Kxg2 d5 30. Rfd2 Rfe8 31. h4 h5 32. a4 Rd7 33. Qd4 Qf4 34. exd5 Qf5 35. b4 Re5 36. a5 g5 37. a6 g4 38. fxg4 hxg4 39. Rf1 Qh5 40. Qf4 Qxh4 41. Rh1 Qg5 42. Qxg5+ Rxg5 43. b5 f5 44. b6 f4 45. b7 f3+ 46. Kg3 1-0


[Site "https://www.chess.com"]